 Dungeon Crawl Stone Soup version 0.32-a0-576-g706899e69d (webtiles) character file.

Game seed: 8296973805090230031

2 gimp the Digger (level 1, 0/13 HPs)
             Began as a Coglin Earth Elementalist on Mar 1, 2024.
             Slain by a quokka (2 damage)
             ... on level 1 of the Dungeon.
             The game lasted 00:00:28 (35 turns).

gimp the Digger (Coglin Earth Elementalist)           Turns: 35, Time: 00:00:28

Health: 0/13       AC:  2    Str:  8    XL:     1   Next: 30%
Magic:  3/3        EV: 12    Int: 14    God:
Gold:   0          SH:  0    Dex: 14    Spells: 2/3 levels left

rFire   . . .        (no weapon)
rCold   . . .        (no shield)
rNeg    . . .        a - +0 robe
rPois   .            (no helmet)
rElec   .            (no cloak)
rCorr   .            (no gloves)
SInv    .            (no boots)
Will    .....        (amulet unavailable)
Stlth   ++           (ring unavailable)
HPRegen 0.22/turn    (ring unavailable)
MPRegen 0.08/turn    (no gizmo)

%: no passive effects
@: no status effects
A: off-hand wielding, slow wielding, warmup strikes, no jewellery
a: Invent Gizmo


You were on level 1 of the Dungeon.
You visited 1 branch of the dungeon, and saw 1 of its levels.

Inventory:

Armour
 a - a +0 robe (worn)


   Skills:
 - Level 1.7 Dodging
 - Level 1.5 Stealth
 + Level 1.8 Spellcasting
 + Level 1.0 Conjurations
 + Level 2.7 Earth Magic


You had 2 spell levels left.
You knew the following spells:

 Your Spells              Type           Power      Damage    Failure   Level
a - Sandblast             Erth           16%        2d6       8%          1

Your spell library contained the following spells:

 Spells                   Type           Power      Damage    Failure   Level
 Passwall                 Erth           8%         N/A       24%         3
 Stone Arrow              Conj/Erth      12%        3d7       32%         3
 Brom's Barrelling Bould  Conj/Erth      6%         2d3       73%         4
 Petrify                  Alch/Erth      5%         N/A       80%         4


Dungeon Overview and Level Annotations

Branches:
Dungeon (1/15)

Altars:


Innate Abilities, Weirdness & Mutations

You can wield a second weapon in your off-hand.
It takes a long time for you to wield or remove held weapons.
Your first few attacks do less damage.
You cannot equip rings or amulets.


Message History

Welcome, gimp the Coglin Earth Elementalist.
The heart of this dungeon contains the awesome artefact, the Orb of Zot.
Press ? for a list of commands and other information.
Found a hand axe.
Found an escape hatch in the floor.
Found a staircase leading out of the dungeon.
Unknown command.
An endoplasm comes into view.
A goblin comes into view. It is wielding a +0 club.
The endoplasm quivers.
A rat comes into view.
The goblin shouts!
The rat squeaks loudly.
The rat moves out of view.
You hear a shout!
Casting: Sandblast (safe; 9% risk of failure)
Confirm with . or Enter, or press ? or * to list all spells.
Aiming: Sandblast (safe; 9% risk of failure)
Press: ? - help, Shift-Dir - straight line, f - endoplasm
Aim: an endoplasm (98% to hit)
You miscast Sandblast.
You are very lightly contaminated with residual magic.
Nothing appears to happen.
You now have 2/3 mp.
Casting: Sandblast (safe; 9% risk of failure)
Confirm with . or Enter, or press ? or * to list all spells.
Aiming: Sandblast (safe; 9% risk of failure)
Press: ? - help, Shift-Dir - straight line, f/p - endoplasm
Aim: an endoplasm (98% to hit)
The blast of sand hits the endoplasm.
You kill the endoplasm!
Your Conjurations skill increases to level 1!
You now have 1/3 mp.
Your magical contamination has completely faded away.
Casting: Sandblast (safe; 8% risk of failure)
Confirm with . or Enter, or press ? or * to list all spells.
Aiming: Sandblast (safe; 8% risk of failure)
Press: ? - help, Shift-Dir - straight line, f - goblin
Aim: a goblin, wielding a +0 club (76% to hit)
The blast of sand hits the goblin!
You kill the goblin!
You now have 0/3 mp.
A hobgoblin comes into view.
A hobgoblin is nearby!
A quokka comes into view.
A hobgoblin comes into view.
The quokka attacks as it pursues you! The quokka barely misses you.
The quokka bites you.
You take 5 damage, and have 8/13 hp.
MASSIVE DAMAGE!!
The quokka attacks as it pursues you! The quokka bites you.
You take 3 damage, and have 5/13 hp.
MASSIVE DAMAGE!!
Casting: Sandblast (safe; 8% risk of failure)
Confirm with . or Enter, or press ? or * to list all spells.
Aiming: Sandblast (safe; 8% risk of failure)
Press: ? - help, Shift-Dir - straight line, f - quokka
Aim: a quokka (73% to hit)
The blast of sand hits the quokka.
The quokka is severely wounded.
The quokka bites you.
* * * LOW HITPOINT WARNING * * *
The quokka bites you but does no damage.
You take 4 damage, and have 1/13 hp.
MASSIVE DAMAGE!!
You now have 0/3 mp.
You hit the quokka but do no damage.
The quokka is severely wounded.
The quokka closely misses you.
Casting: Sandblast (safe; 8% risk of failure)
Confirm with . or Enter, or press ? or * to list all spells.
Aiming: Sandblast (safe; 8% risk of failure)
Press: ? - help, Shift-Dir - straight line, f/p - quokka
Aim: a quokka (severely wounded, 73% to hit)
The blast of sand hits the quokka but does no damage.
The quokka is severely wounded.
The quokka barely misses you. x2
You now have 0/3 mp.
You aren't carrying any items that you can evoke.
Unknown command.
Magic courses through your body. The quokka bites you.
You die...

..... #.# ....
#...######.###.....
#...#..g..)..g.....
#......###.###.....
#..g.....#..##.....
#..................
##......##.....#....
##..####.........#...
#...@rg...........#
#..###r...∩.........
#.. #.............#
#.. #....<....##...
#.. #....>.....#...
## #...⌠...⌠......
#..........##..
#..........# #.
#....).....#


You could see a quokka, a hobgoblin and a rat.

Vanquished Creatures
  An endoplasm (D:1)
  A goblin (D:1)
2 creatures vanquished.

Notes
Turn   | Place    | Note
-------+----------+-------------------------------------------
     0 | D:1      | gimp the Coglin Earth Elementalist began the quest for the
                  | Orb.
     0 | D:1      | Reached XP level 1. HP: 13/13 MP: 3/3
    12 | D:1      | Reached skill level 1 in Conjurations
    35 | D:1      | Slain by a quokka

Illustrated notes

Levels and vault maps discovered:
D:1:      wander_arrival_desolate, layout_rooms

Skill      XL: |  1 |
---------------+----+-----
Conjurations   | 1 |  1.0
Dodging        | |  1.7
Stealth        | |  1.5
Spellcasting   | |  1.8
Earth Magic    | |  2.7

Action                     || total
---------------------------++-------
  Melee: Unarmed           ||     1
   Cast: Sandblast         ||     4
    Use: Potion            ||     1
 Armour: Robe              ||     5
  Dodge: Dodged            ||     4

Table legend: (Time is in decaauts)
 A = Elapsed time spent in this place.
 B = Non-inter-level travel time spent in this place.
 C = Inter-level travel time spent in this place.
 D = Time resting spent in this place.
 E = Time spent auto-exploring this place.
 F = Levels seen in this place.
 G = Mean time per level.
                   A        B        C        D        E       F      G
               +--------+--------+--------+--------+--------+-----+--------+
         Total |     37 |     37 |      0 |      0 |      9 |   1 |   37.0 |
       Dungeon |     37 |     37 |      0 |      0 |      9 |   1 |   37.0 |
               +--------+--------+--------+--------+--------+-----+--------+

Top non-repeatable levels by time:
     D:1: 37 daAuts
